 Dungeon Crawl Stone Soup version 0.31.0 (webtiles) character file.

Game seed: 17700918300108959805

88 HakonGodeson the Shooter (level 4, -4/33 HPs)
             Began as a Human Hunter on Jan 20, 2024.
             Slain by a gnoll
             ... wielding a +0 halberd
              (11 damage)
             ... on level 3 of the Dungeon.
             The game lasted 00:03:42 (578 turns).

HakonGodeson the Shooter (Human Hunter)              Turns: 578, Time: 00:03:43

Health: -4/33      AC:  9    Str: 11    XL:     4   Next: 54%
Magic:  4/4        EV:  6    Int: 11    God:
Gold:   51         SH:  0    Dex: 17    Spells: 3/3 levels left

rFire   . . .        a - +0 shortbow
rCold   . . .        (shield currently unavailable)
rNeg    . . .        h - +1 chain mail
rPois   .            (no helmet)
rElec   .            (no cloak)
rCorr   .            (no gloves)
SInv    .            (no boots)
Will    .....        (no amulet) Stlth
                     (no ring)
HPRegen 0.25/turn    (no ring)
MPRegen 0.09/turn

%: no passive effects
@: no status effects
A: explore regen
a: no special abilities


You were on level 3 of the Dungeon.
You visited 1 branch of the dungeon, and saw 3 of its levels.

You collected 51 gold pieces.

Inventory:

Hand Weapons
 a - a +0 shortbow (weapon)
Missiles
 d - 5 boomerangs
 g - 8 poisoned darts
Armour
 h - a +1 chain mail (worn)
Potions
 b - a potion of curing {unknown}


   Skills:
 * Level 2.2 Fighting
 * Level 5.0 Ranged Weapons
 * Level 1.0 Throwing
 * Level 1.0 Armour
 * Level 2.4 Dodging
 * Level 1.5 Stealth


You had 3 spell levels left.
You didn't know any spells.
Your spell library was empty.

Dungeon Overview and Level Annotations

Branches:
Dungeon (3/15)

Altars:


Innate Abilities, Weirdness & Mutations

You regain HP and MP as you explore.


Message History

You shoot an arrow. The arrow closely misses the iguana.
The arrow hits the gnoll.
The gnoll is lightly wounded.
The gnoll closely misses you.
The iguana bites you but does no damage.
The gnoll hits you from afar with a +0 halberd.
* * * LOW HITPOINT WARNING * * *
It was a potion of ambrosia.
You are confused.
You feel invigorated. The iguana bites you.
* * * LOW HITPOINT WARNING * * *
The gnoll barely misses you.
You're too confused to move!
The iguana bites you!
* * * LOW HITPOINT WARNING * * *
The gnoll hits you from afar with a +0 halberd.
* * * LOW HITPOINT WARNING * * *
You're too confused to move!
The iguana bites you but does no damage.
The gnoll hits you but does no damage.
You feel less invigorated.
You feel less confused. The iguana bites you!
* * * LOW HITPOINT WARNING * * *
It was a potion of heal wounds.
You feel much better.
The gnoll hits you from afar with a +0 halberd.
The iguana bites you.
You shoot an arrow. The arrow hits the iguana!
You kill the iguana!
The gnoll barely misses you.
The gnoll hits you from afar with a +0 halberd.
Your Ranged Weapons skill increases to level 5!
Your Throwing skill increases to level 1!
Your Armour skill increases to level 1!
The gnoll hits you with a +0 halberd!
* * * LOW HITPOINT WARNING * * *
You see here an iguana corpse.
You shoot an arrow. The arrow hits the gnoll!
The gnoll is severely wounded.
The gnoll hits you with a +0 halberd!
You die...

.#..........................# ...
.#.......................#### ...
.#..........#+#########..#.. ...
#.#........#.# #..#.###...
#.#........#.#########..#.......
#.#........'.............g...>..
#.#........#.#########..#.......
##.#........#.#########..........
................@gg).........(...
##.###........##########.###.....
#.# #........# ........###...
##.# #........####....##.#.# ...
.#.# #................+...... ...
##.########....###....#.## #.....
......................#. .....
##.###)..#####...#...... ..
.....'...+...........#.


You could see 2 gnolls.

Vanquished Creatures
  An iguana (D:3)
  A gnoll (D:3)
  2 adders
  2 dart slugs
  An orc (D:3)
  An endoplasm (D:3)
  2 giant cockroaches
  6 goblins
  2 hobgoblins (D:1)
  2 jackals (D:2)
  A quokka (D:1)
  3 bats
  A frilled lizard (D:2)
  2 kobolds
  2 rats
29 creatures vanquished.

Notes
Turn   | Place    | Note
-------+----------+-------------------------------------------
     0 | D:1      | HakonGodeson the Human Hunter began the quest for the Orb.
     0 | D:1      | Reached XP level 1. HP: 16/16 MP: 1/1
    13 | D:1      | Reached XP level 2. HP: 22/22 MP: 2/2
   149 | D:2      | Reached XP level 3. HP: 14/27 MP: 3/3
   567 | D:3      | Reached XP level 4. HP: 21/33 MP: 4/4
   577 | D:3      | Reached skill level 5 in Ranged Weapons
   577 | D:3      | Reached skill level 1 in Throwing
   577 | D:3      | Reached skill level 1 in Armour
   578 | D:3      | Slain by a gnoll

Illustrated notes

Levels and vault maps discovered:
D:1:      saegor_arrival_simple_a, layout_rooms, minmay_pentomino_s2
D:2:      minmay_door_path, layout_basic, serial_forest,
          infiniplex_forest_corner_1, infiniplex_forest_straight_2,
          infiniplex_forest_side_room, infiniplex_forest_end_double,
          infiniplex_forest_3_way, infiniplex_forest_end_3,
          infiniplex_forest_corner_1, uniq_robin, uniq_natasha
D:3:      layout_basic

Skill      XL: |  1  2  3  4 |
---------------+-------------+-----
Ranged Weapons | 5 |  5.0
Throwing       | 1 |  1.0
Armour         | 1 |  1.0
Fighting       | |  2.2
Dodging        | |  2.4
Stealth        | |  1.5

Action                     |  1- 3 |  4- 6 || total
---------------------------+-------+-------++-------
   Fire: Shortbow          |    81 |     4 ||    85
    Use: Scroll            |     4 |       ||     4
         Potion            |       |     2 ||     2
 Armour: Leather armour    |    29 |       ||    29
         Chain mail        |    12 |    15 ||    27
  Dodge: Dodged            |    39 |     4 ||    43
